 Dungeon Crawl Stone Soup version 0.28.0-53-g5a82cb258f (webtiles) character file.

Game seed: 8705370929373311992

46 Peloso the Covered (level 3, -2/33 HPs)
             Began as a Minotaur Fighter on July 25, 2022.
             Slain by an iguana (8 damage)
             ... on level 4 of the Dungeon.
             The game lasted 00:02:49 (2134 turns).

Peloso the Covered (Minotaur Fighter)               Turns: 2134, Time: 00:02:50

Health: -2/33      AC: 12    Str: 20    XL:     3   Next: 46%
Magic:  2/2        EV:  5    Int:  5    God:
Gold:   71         SH:  4    Dex: 11    Spells: 2/2 levels left

rFire   . . .      SeeInvis .   a - +0 long sword
rCold   . . .      Faith    .   c - +0 buckler
rNeg    . . .      Spirit   .   f - +0 plate armour
rPois   .          Reflect  .   (helmet restricted)
rElec   .          Harm     .   (no cloak)
rCorr   .          Rampage  .   (no gloves)
Will    .....                   (no boots)
Stlth   ..........              (no amulet)
HPRegen 0.11/turn               (no ring)
MPRegen 0.08/turn               (no ring)

@: no status effects
A: horns 2, retaliatory headbutt
a: no special abilities


You were on level 4 of the Dungeon.
You visited 1 branch of the dungeon, and saw 4 of its levels.

You collected 71 gold pieces.

Inventory:

Hand Weapons
 a - a +0 long sword (weapon)
Armour
 b - a +1 scale mail
 c - a +0 buckler (worn)
 f - a +0 plate armour (worn)
Scrolls
 j - a scroll of enchant armour
Potions
 d - a potion of might
 e - a potion of haste
 g - a potion of lignification {unknown}
 i - 2 potions of curing {unknown}
 k - a potion of flight {unknown}
 l - a potion of resistance {unknown}
 m - a potion of brilliance {unknown}


   Skills:
 + Level 4.1 Fighting
 + Level 2.9 Long Blades
 + Level 4.4 Armour
 + Level 4.1 Shields


You had 2 spell levels left.
You didn't know any spells.
Your spell library contained the following spells:

 Spells                   Type           Power      Damage    Failure   Level
 Call Canine Familiar     Summ           0%         N/A       100%        3
 Portal Projectile        Hex/Tloc       0%         N/A       100%        3
 Tukima's Dance           Hex            0%         N/A       100%        3
 Anguish                  Hex/Necr       0%         N/A       100%        4
 Leda's Liquefaction      Hex/Erth       0%         N/A       100%        4
 Blade Hands              Tmut           0%         N/A       100%        5
 Excruciating Wounds      Necr           0%         N/A       100%        5
 Enfeeble                 Hex            0%         N/A       100%        7


Dungeon Overview and Level Annotations

Branches:
Dungeon (4/15)
 Temple: D:4-7

Altars:


Innate Abilities, Weirdness & Mutations

You have a pair of horns on your head.
You reflexively headbutt those who attack you in melee.


Message History

The goblin is heavily wounded.
The goblin hits you but does no damage.
The iguana bites you but does no damage.
The goblin hits you but does no damage.
You hit the goblin.
You kill the goblin!
The iguana bites you but does no damage.
The iguana bites you but does no damage.
You see here a +0 dagger.
You hit the iguana but do no damage.
You headbutt the iguana, but do no damage.
The iguana bites you!
You hit the iguana.
The iguana is lightly wounded.
The iguana bites you but does no damage. x2
You barely miss the iguana.
The iguana is lightly wounded.
The iguana bites you.
You closely miss the iguana.
The iguana is lightly wounded.
The iguana barely misses you.
You closely miss the iguana.
The iguana is lightly wounded.
The iguana bites you.
You barely miss the iguana.
The iguana is lightly wounded.
The iguana bites you but does no damage.
The iguana bites you.
You hit the iguana.
The iguana is heavily wounded.
The iguana bites you.
* * * LOW HITPOINT WARNING * * *
You hit the iguana but do no damage.
The iguana is heavily wounded.
The iguana bites you.
* * * LOW HITPOINT WARNING * * *
You closely miss the iguana.
The iguana is heavily wounded.
The iguana bites you!
You die...

.... .... #..#
#..# # #..#.#
#######..#.#####
...............#
#@l# ....#
#..#.....+
#.###..#.....#
#............#
##....<....##
####..##..# #..#
..# #..# .# ....
.


You could see an iguana.

Vanquished Creatures
  A worm (D:3)
  4 bats
  3 endoplasms
  A giant cockroach (D:1)
  4 hobgoblins
  4 quokkas
  6 ball pythons
  3 frilled lizards
  5 goblins
  4 kobolds
  7 rats
42 creatures vanquished.

Notes
Turn   | Place    | Note
-------+----------+-------------------------------------------
     0 | D:1      | Peloso the Minotaur Fighter began the quest for the Orb.
     0 | D:1      | Reached XP level 1. HP: 19/19 MP: 0/0
   180 | D:1      | Found a faded altar of an unknown god.
   240 | D:1      | Reached XP level 2. HP: 18/27 MP: 1/1
   908 | D:2      | Reached XP level 3. HP: 33/33 MP: 2/2
  2134 | D:4      | Slain by an iguana

Illustrated notes

Levels and vault maps discovered:
D:1:      lemuel_arrival_river_bridge, layout_rooms,
          shapermc_ecumenical_altar_venn, solitary_fountain
D:2:      layout_basic, minmay_indecisive_spiral
D:3:      layout_loops_corners, guppyfry_early_lair_pool
D:4:      layout_basic, nemelex_diamond_rough_becter, uniq_robin

Skill      XL: |  1  2 |
---------------+-------+-----
Armour         | 4 |  4.4
Shields        | 4 |  4.1
Fighting       | 4 |  4.1
Long Blades    | |  2.9

Action                   || total
-------------------------++-------
Melee: Long sword        ||    89
       Headbutt          ||    12
  Use: Scroll            ||     4
Armor: Scale mail        ||    33
       Plate armour      ||    19
Dodge: Dodged            ||    49
Block: Buckler           ||    15
